← All builds
Front / Armada / Economy first / OBSERVED BUILD

Standard front

Standard economy-first Front play: Bot Lab and Vehicle Plant almost immediately, Advanced Metal Extractor around 9 minutes, with a mixed T1 army of Blitz, Rocketeer, Pawn and Janus sent to hold the wider gap and then middle.

#eco · 935 distinct matches · 127 players · 75% of Armada Front games · team won 63% of 1063 · Recently observed

HOW TO PLAY IT

Key timing: Vehicle Plant by 0:47

  1. Open 3 mex then Bot Lab and Vehicle Plant almost together.
  2. Layer wind while both labs start producing.
  3. Send early units to coast first to stop leaks, not middle.
  4. Add Construction Turrets as "Blitz", "Rocketeer", "Janus" mix builds up.
  5. Transition into Advanced Metal Extractor once T2 con is out.

Phase by phase

TYPICAL OF ITS 935 GAMES
  1. 1
  2. 2
  3. 3
PLAY THE OPENING

Follow the example game's first 6:00 step by step: what to build now, what comes next, and where it goes. At 1× it keeps pace with your own game.

  1. 1

    Up to the Bot Lab

    Economy
    • Metal Extractor2Mex
    • Wind Turbine1Wind
    Order
    1. Bot LabBot Lab after 3 mex, 1 winddone ~0:45, middle half 0:35–8:30

    Some games also: Vehicle Plant (41%)

    By 0:28 in all: 2 mex · 1 wind

    The example game in this phase · 3 steps
    1. Mex ×2
    2. Solar
    3. Vehicle PlantVehicle Plantdone 0:44 · typical 0:47
  2. 2

    Bot Lab to 5:00

    Economy
    • Metal Extractor4Mex
    • Wind Turbine3Wind
    Army
    • Sentry1 Sentry

    Some games also: rocketeer (46%) · con bot (45%) · Lazarus (44%) · tick (40%) · centurion (37%)

    By 5:00 in all: 6 mex · 7 wind

    The example game in this phase · 26 steps
    1. RoverScout ×4
    2. Mex
    3. RoverScout
    4. Wind ×2for Air
    5. RoverScout
    6. Windfor Air
    7. BlitzBlitz
    8. Wind ×2for Air
    9. BlitzBlitz
    10. Wind ×3for Air
    11. BlitzBlitz
    12. Wind ×2for Air
    13. Construction VehicleCon vehicle
    14. Wind ×4for Air
    15. JanusJanus
    16. Wind ×2for Air
    17. Mex
    18. Construction VehicleCon vehicle
    19. Mex
    20. JanusJanus
    21. Mex
    22. Construction VehicleCon vehicle
    23. JanusJanus
    24. WhistlerMissile truck
    25. BlitzBlitz ×5
    26. Mex
  3. 3

    5:00 to 10:00

    Economy
    • Metal Extractor1Mex
    • Wind Turbine14Wind
    Builders
    • Construction Turret2 Con turret
    Army
    • Sentry1 Sentry

    Some games also: energy storage (46%) · blitz (39%) · rocketeer (39%) · pawn (36%) · Lazarus (35%)

    By 10:00 in all: 7 mex · 25 wind · 1 energy storage · 3 con turret

    The example game in this phase · 93 steps
    1. BlitzBlitz
    2. Mex
    3. BlitzBlitz
    4. Radar TowerRadar Tower
    5. BlitzBlitz ×5
    6. SentrySentry
    7. BlitzBlitz ×3
    8. SentrySentry
    9. BlitzBlitz ×2
    10. Wind
    11. BlitzBlitz
    12. Wind ×2
    13. BlitzBlitz ×10
    14. Mex
    15. BlitzBlitz
    16. Con turret
    17. BlitzBlitz ×2
    18. Mex
    19. BlitzBlitz ×2
    20. Con turret
    21. Mex
    22. Wind
    23. BlitzBlitz ×2for Pond
    24. Wind
    25. BlitzBlitz ×2for Pond
    26. Con turret
    27. Wind
    28. BlitzBlitzfor Pond
    29. Wind ×2
    30. Mex
    31. BlitzBlitzfor Pond
    32. Wind
    33. BlitzBlitzfor Pond
    34. Wind ×2
    35. BlitzBlitzfor Pond
    36. Wind ×3
    37. Mex
    38. Wind
    39. BlitzBlitzfor Pond
    40. Wind
    41. BlitzBlitzfor Pond
    42. BlitzBlitz
    43. Advanced Metal ExtractorT2 mexdone 11:11 · typical 8:52
    44. Wind
    45. BlitzBlitz
    46. Wind ×3
    47. Mex
    48. Wind ×3
    49. BlitzBlitz
    50. Wind ×2
    51. BlitzBlitz
    52. Advanced Metal ExtractorT2 mex
    53. Wind ×2
    54. BlitzBlitz
    55. Mex
    56. Wind ×3
    57. BlitzBlitz
    58. Wind ×2
    59. BlitzBlitz
    60. Wind ×2
    61. BlitzBlitz
    62. Advanced Metal ExtractorT2 mex
    63. Wind ×2
    64. BlitzBlitz
    65. Wind ×2
    66. BlitzBlitz
    67. Wind
    68. Construction VehicleCon vehicle
    69. Advanced Metal ExtractorT2 mex
    70. Construction VehicleCon vehicle ×3
    71. BlitzBlitz ×2
    72. Con turret
    73. BlitzBlitz
    74. Con turret
    75. Advanced Metal ExtractorT2 mex
    76. BlitzBlitz
    77. Energy storage
    78. BlitzBlitz ×5
    79. Wind
    80. BlitzBlitz ×2
    81. Wind
    82. BlitzBlitz
    83. Advanced Metal ExtractorT2 mex
    84. BlitzBlitz ×2
    85. Wind
    86. BlitzBlitz ×2
    87. Wind
    88. BlitzBlitz ×5
    89. Wind
    90. BlitzBlitz ×2
    91. Wind
    92. Advanced Metal ExtractorT2 mex
    93. BlitzBlitz

Counts are medians over the build's games: half of them build more, half fewer. The example game is Leohvm's (51 OS, 17/09/2026); pick another.

Team trades

IN AT LEAST 30% OF ITS GAMES

You hand over

Nothing regular.

You get

  • Tidal Generator4 Tidal from Pondfirst at 0:18 · in 68% of games
  • Advanced Construction Bot1 T2 con bot from Geo or Techfirst at 7:17 · in 67% of games

How it plays out

Typical game of this build, running totals by minute

Metal produced

010k20k30k
0:005:0010:0015:00

metal

Enemy metal destroyed

05k10k
0:005:0010:0015:00

metal

Own metal lost

05k10k
0:005:0010:0015:00

metal

1063 games.

Show as table
ByMetal produced: This buildEnemy metal destroyed: This buildOwn metal lost: This build
1:0033300
2:008462131
3:001624140105
4:002712540333
5:0038681188813
6:00507620991526
7:00631429842459
8:00766238713365
9:00908746324312
10:001066653085060
11:001260858195701
12:001481563136521
13:001744069817256
14:002018375848093
15:002263083948939
WHAT THE NUMBERS SAY

Standard Front play wins more often than suicide front and produces more metal by 15:00, reflecting its safer positioning.

  • + Metal produced reaches 22219 by 15:00, above suicide front's 19882
  • + Own losses of 8949 stay under enemy metal destroyed's near-equal 8347
  • − First unit lost by 1:44 shows exposure even from the safer side
  • − Wider gap to defend demands disciplined coast-then-mid unit movement
THE EXAMPLE YOU ARE READING

Leohvm

50.9 OS · 17/09/2026

Open source match ↗

13 received units · includes a constructor
3 metal received · 19827 energy received

Allied construction assistance is unknown. Timings are observations, not a promise of solo reproducibility.

Typical milestones

Bot Lab0:45Middle 50%: 0:35–8:30 · n=670
Vehicle Plant0:47Middle 50%: 0:37–0:59 · n=753
Advanced Metal Extractor8:52Middle 50%: 8:00–10:03 · n=845

Played most by

Hummell91games of this buildhaaven82games of this buildLeohvm79games of this buildXad62games of this buildImmort36games of this build